 Dungeon Crawl Stone Soup version 0.30-a0-591-g3c58d2bc28 (webtiles) character file.

Game seed: 2124732181457398458

519 bande the Covered (level 7, -8/44 HPs)
             Began as a Gargoyle Fighter on Jan 6, 2023.
             Mangled by a hornet (11 damage)
             ... on level 5 of the Dungeon.
             The game lasted 00:06:19 (3410 turns).

bande the Covered (Gargoyle Fighter)                Turns: 3410, Time: 00:06:19

Health: -8/44      AC: 19    Str: 20    XL:     7   Next: 21%
Magic:  7/7        EV:  7    Int:  8    God:
Gold:   242        SH:  4    Dex: 11    Spells: 6/6 levels left

rFire   . . .      SeeInvis .    a - +1 war axe (vamp)
rCold   . . .      Faith    .    c - +0 buckler
rNeg    + . .      Spirit   .    s - +0 chain mail
rPois   ∞          Reflect  .    g - +0 helmet
rElec   +          Harm     .    r - +0 cloak
rCorr   .          Rampage  .    n - +1 pair of gloves
Will    .....                    (no boots) Stlth
                                 (no amulet)
HPRegen 0.27/turn                (no ring)
MPRegen 0.10/turn                (no ring)

@: no status effects
A: sickness immunity, AC +4, negative energy resistance 1, electricity
resistance, torment resistance 1, petrification resistance
a: no special abilities


You were on level 5 of the Dungeon.
You visited 1 branch of the dungeon, and saw 5 of its levels.

You collected 242 gold pieces.

Inventory:

Hand Weapons
 a - a +1 vampiric war axe (weapon)
Armour
 c - a +0 buckler (worn)
 g - a +0 helmet (worn)
 n - a +1 pair of gloves (worn)
 r - a +0 cloak (worn)
 s - a +0 chain mail (worn)
Wands
 o - a wand of light (10)
 p - a wand of roots (19)
 q - a wand of flame (15)
Scrolls
 e - a scroll of fog
 f - 2 scrolls of teleportation
 h - 3 scrolls of identify
Potions
 d - 2 potions of might
 i - a potion of berserk rage
 j - a potion of mutation
 k - 4 potions of curing
 l - 3 potions of cancellation
 m - a potion of flight {unknown}


   Skills:
 + Level 4.5 Fighting
 + Level 4.8 Axes
 + Level 4.9 Armour
 + Level 4.0 Shields
 * Level 1.9 Evocations


You had 6 spell levels left.
You didn't know any spells.
Your spell library contained the following spells:

 Spells                   Type           Power      Damage    Failure   Level
 Inner Flame              Hex/Fire       0%         N/A       100%        3
 Flame Wave               Conj/Fire      0%         2d4       100%        4
 Sticky Flame             Conj/Fire      0%         2d3       100%        4


Dungeon Overview and Level Annotations

Branches:
Dungeon (5/15)
 Temple: D:4-7

Altars:
Elyvilon
Yredelemnul

Shops:
D:4 [*(=*


Innate Abilities, Weirdness & Mutations

You are immune to sickness and miasma.
Your stone body is resilient. (AC +4)
You are immune to poison.
You resist negative energy. (rN+)
You are resistant to electric shocks. (rElec)
You are resistant to unholy torment.
You are immune to petrification.


Message History

You slash the hornet!
You feel better.
The hornet is moderately wounded.
You block the hornet's attack.
You closely miss the hornet.
The hornet is moderately wounded.
The hornet barely misses you.
The hornet stings you but does no damage.
You slash the hornet!
You feel better.
The hornet is heavily wounded.
The hornet stings you but does no damage.
The hornet stings you! x2
You hit the hornet but do no damage.
The hornet is heavily wounded.
You block the hornet's attack.
You barely miss the hornet.
The hornet is heavily wounded.
The hornet barely misses you. The hornet stings you.
You are too injured to fight recklessly!
You are too injured to fight recklessly!
You are too injured to fight recklessly!
You are too injured to fight recklessly!
You are too injured to fight recklessly!
You are too injured to fight recklessly!
You are too injured to fight recklessly!
You are too injured to fight recklessly!
You are too injured to fight recklessly!
You hit the hornet but do no damage.
The hornet is heavily wounded.
The hornet closely misses you. The hornet stings you.
* * * LOW HITPOINT WARNING * * *
You closely miss the hornet.
The hornet is heavily wounded.
The hornet stings you but does no damage.
The hornet stings you!
* * * LOW HITPOINT WARNING * * *
You miss the hornet.
The hornet is heavily wounded.
The hornet stings you but does no damage.
The hornet stings you!
You die...

#.#......'....##.#
#.#....|.#######.#
#.######## #.# #.
#.# #.# #.# #.#
########## #.#
......y@.# #.#
########.# #.# ###
#.# #.# #<# #.# #.#
#.# #.# #.# #.# #.#
#.# #.# #.# #.# #.#
#################.#
#.# #.#
......†...........#
#.###.#


You could see a hornet.

Vanquished Creatures
  An ogre (D:5)
  A centaur (D:5)
  A kobold brigand (D:4)
  A scorpion (D:5)
  A hound (D:4)
  An iguana (D:4)
  An orc wizard (D:5)
  3 adders
  A shadow imp (D:5)
  An ufetubus (D:5)
  6 dart slugs
  8 orcs
  7 ball pythons
  3 bats (D:1)
  7 endoplasms
  5 giant cockroaches
  7 hobgoblins
  12 kobolds
  4 quokkas
  6 frilled lizards
  9 goblins
  3 rats
89 creatures vanquished.

Vanquished Creatures (others)
  A quokka (D:3)
1 creature vanquished.

Grand Total: 90 creatures vanquished

Notes
Turn   | Place    | Note
-------+----------+-------------------------------------------
     0 | D:1      | bande the Gargoyle Fighter began the quest for the Orb.
     0 | D:1      | Reached XP level 1. HP: 14/14 MP: 1/1
   104 | D:1      | Reached XP level 2. HP: 19/19 MP: 2/2
   326 | D:1      | Reached XP level 3. HP: 23/23 MP: 3/3
  1247 | D:2      | Reached XP level 4. HP: 29/29 MP: 4/4
  1287 | D:2      | Found a basalt altar of Yredelemnul.
  1652 | D:3      | You fall into a shaft and drop 2 floors!
  1652 | D:5      | Entered Level 5 of the Dungeon
  1873 | D:3      | Found a white marble altar of Elyvilon.
  2142 | D:4      | Found Tageatz's Assorted Antiques.
  2204 | D:4      | Found Teumocw's Assorted Antiques.
  2231 | D:4      | Reached XP level 5. HP: 33/33 MP: 5/5
  2296 | D:4      | Found Axtab's Jewellery Shoppe.
  2338 | D:4      | Found Tagen's Armour Boutique.
  2479 | D:4      | Noticed a kobold brigand
  2561 | D:4      | Found Sucemou's Antique Weapon Shop.
  2615 | D:4      | Killed a kobold brigand
  2689 | D:4      | Reached XP level 6. HP: 38/38 MP: 6/6
  3094 | D:5      | Reached skill level 1 in Evocations
  3275 | D:5      | Reached XP level 7. HP: 42/44 MP: 7/7
  3400 | D:5      | Noticed a hornet
  3409 | D:5      | HP: 2/44 [hornet (11)]
  3410 | D:5      | Mangled by a hornet

Illustrated notes

Levels and vault maps discovered:
D:1:      lightli_arrival_windingriver, layout_basic, serial_curves,
          eino_curves_01, eino_curves_01, minmay_stone_trees_small
D:2:      layout_loops_ring, basic_altar, nicolae_concentric_dashed_squares_wild
D:3:      layout_rooms, elyvilon_altar_4
D:4:      cheibrodos_thug_alley, layout_loops_cross, serial_shops,
          nicolae_inconvenience_store, nicolae_square_shop, shop,
          nicolae_shop_waterfront, nicolae_shop_advertising_works
          [nicolae_subvault_shop_adworks]
D:5:      layout_basic, serial_shops, nicolae_stop_n_shop_2

Skill      XL: |  1  2  3  4  5  6  7 |
---------------+----------------------+-----
Axes           | 2 3 4 |  4.8
Armour         | 4 |  4.9
Fighting       | 4 |  4.5
Evocations     | 1 |  1.9
Shields        | 4 |  4.0

Action                   |  1- 3 |  4- 6 |  7- 9 || total
-------------------------+-------+-------+-------++-------
Melee: War axe           |   119 |   145 |    35 ||   299
  Use: Scroll            |     3 |    10 |       ||    13
Armor: Scale mail        |    75 |    98 |     7 ||   180
       Chain mail        |       |       |    16 ||    16
Dodge: Dodged            |    68 |    82 |    16 ||   166
Block: Buckler           |    16 |    44 |     7 ||    67

Table legend: (Time is in decaauts)
 A = Elapsed time spent in this place.
 B = Non-inter-level travel time spent in this place.
 C = Inter-level travel time spent in this place.
 D = Time resting spent in this place.
 E = Time spent auto-exploring this place.
 F = Levels seen in this place.
 G = Mean time per level.
                   A        B        C        D        E       F      G
               +--------+--------+--------+--------+--------+-----+--------+
         Total |   3531 |   3424 |    107 |      0 |   2542 |   5 |  706.2 |
       Dungeon |   3531 |   3424 |    107 |      0 |   2542 |   5 |  706.2 |
               +--------+--------+--------+--------+--------+-----+--------+

Top non-repeatable levels by time:
     D:1: 1003 daAuts
     D:4: 942 daAuts
     D:2: 709 daAuts
     D:5: 448 daAuts
     D:3: 427 daAuts
